 Dungeon Crawl Stone Soup version 0.28-a0-1374-ga75cb3825e (webtiles) character file.

Game seed: 4688610263530895863

109 SnakkuSnakku7 the Sneak (level 4, -4/38 HPs)
             Began as a Gnoll Brigand on Dec 31, 2021.
             Killed by divine providence
             ... invoked by an orc priest
              (15 damage)
             ... on level 3 of the Dungeon.
             The game lasted 00:03:59 (2334 turns).

SnakkuSnakku7 the Sneak (Gnoll Brigand)             Turns: 2334, Time: 00:04:00

Health: -4/38      AC:  9    Str: 10 (13) XL:     4   Next: 89%
Magic:  5/5        EV:  4    Int:  7 (10) God:
Gold:   162        SH:  0    Dex: 11 (13) Spells: 5/5 levels left

rFire   + . .      SeeInvis .   a - +2 dagger
rCold   + . .      Faith    .   (no shield)
rNeg    . . .      Spirit   .   j - +0 chain mail
rPois   +          Reflect  .   (no helmet)
rElec   +          Harm     .   c - +0 cloak
rCorr   +          Rampage  .   (no gloves)
Will    .....                   (no boots)
Stlth   +.........              (no amulet)
HPRegen 0.12/turn               (no ring)
MPRegen 0.09/turn               (no ring)

@: resistant
A: fangs 1, strong nose, distributed training, evolution 1, MP-powered wands
a: no special abilities


You were on level 3 of the Dungeon.
You visited 1 branch of the dungeon, and saw 3 of its levels.

You collected 162 gold pieces.

Inventory:

Hand Weapons
 a - a +2 dagger (weapon)
Missiles
 d - 15 poisoned darts (quivered)
 e - 2 curare-tipped darts
 i - 6 datura-tipped darts
Armour
 b - a +0 robe
 c - a +0 cloak (worn)
 j - a +0 chain mail (worn)
Jewellery
 k - an amulet of the acrobat
Scrolls
 g - a scroll of magic mapping {unknown}
 h - a scroll of immolation {unknown}
 l - a scroll of noise {unknown}
 o - a scroll of identify {unknown}
Potions
 p - a potion of degeneration


   Skills:
 + Level 4.7 Fighting
 + Level 4.7 Short Blades
 + Level 1.2 Long Blades
 + Level 1.2 Axes
 + Level 1.2 Maces & Flails
 + Level 1.2 Polearms
 + Level 1.2 Staves
 + Level 1.2 Slings
 + Level 1.2 Bows
 + Level 1.2 Crossbows
 + Level 4.7 Throwing
 + Level 1.2 Armour
 + Level 2.8 Dodging
 + Level 7.9 Stealth
 + Level 1.2 Shields
 + Level 1.2 Unarmed Combat
 + Level 1.2 Spellcasting
 + Level 1.0 Conjurations
 + Level 1.0 Hexes
 + Level 1.0 Summonings
 + Level 1.0 Necromancy
 + Level 1.0 Translocations
 + Level 1.0 Transmutations
 + Level 1.0 Fire Magic
 + Level 1.0 Ice Magic
 + Level 1.0 Air Magic
 + Level 1.0 Earth Magic
 + Level 1.0 Poison Magic
 + Level 1.4 Invocations
 + Level 1.2 Evocations


You had 5 spell levels left.
You didn't know any spells.
Your spell library contained the following spells:

 Spells                   Type           Power      Damage    Failure   Level
 Gell's Gravitas          Tloc           1%         N/A       100%        3
 Teleport Other           Tloc           1%         N/A       100%        3
 Airstrike                Air            0%         N/A       100%        4
 Summon Lightning Spire   Summ/Air       1%         N/A       100%        4
 Lightning Bolt           Conj/Air       0%         1d11      100%        5
 Dispersal                Tloc           0%         N/A       100%        6


Dungeon Overview and Level Annotations

Branches:
Dungeon (3/15)

Altars:

Shops:
D:1 =

Annotations:
D:3 1 runed translucent door, Crazy Yiuf


Innate Abilities, Weirdness & Mutations

You have very sharp teeth.
Your uncanny sense of smell can sniff out nearby items.
Your experience applies equally to all skills.
You have hidden genetic potential.
You expend magic power (3 MP) to strengthen your wands.


Message History

The orc priest hits you but does no damage.
The orc hits you but does no damage.
Throw: 18 darts (poison)
Press: ? - help, Q - select action, (/) - cycle Shift-Dir - straight line, f - orc priest
Aim: an orc priest, wielding a +0 whip (60% to hit)
You throw a poisoned dart.
The poisoned dart barely misses the orc priest.
The orc priest completely misses you.
Throw: 17 darts (poison)
Press: ? - help, Q - select action, (/) - cycle Shift-Dir - straight line, f/p - orc priest
Aim: an orc priest, wielding a +0 whip (59% to hit)
You throw a poisoned dart. The poisoned dart hits the orc priest.
The orc priest is poisoned.
The orc hits you with a +0 dagger. The orc priest completely misses you.
Throw: 16 darts (poison)
Press: ? - help, Q - select action, (/) - cycle Shift-Dir - straight line, f/p - orc priest
Aim: an orc priest, wielding a +0 whip (poisoned, 57% to hit)
You throw a poisoned dart. The poisoned dart hits the orc priest!
The orc priest looks even sicker.
The adder bites you but does no damage. The orc hits you but does no damage.
The orc priest hits you with a +0 whip.
* * * LOW HITPOINT WARNING * * *
The adder bites you.
* * * LOW HITPOINT WARNING * * *
You are poisoned.
The adder poisons you!
* * * LOW HITPOINT WARNING * * *
You feel sick.
It was a potion of mutation.
You feel extremely strange.
You feel a hidden potential growing inside you.
You feel your magical essence link to the dungeon's wands.
You feel sick. The adder bites you but does no damage.
It was a potion of resistance.
You feel protected.
You feel sick. The adder barely misses you. The adder bites you.
* * * LOW HITPOINT WARNING * * *
It was a potion of curing.
You feel better.
The orc priest invokes the aid of Beogh against you.
Beogh smites you!
You die...

...... ....
##### #...
#)..# ..# #...#
#.## ...
#########..####
#+#
.......oo.....#
♣.♣♣
#######S#...###
♣♣.♣
.......@#(#o#
♣.♣♣
.#...#..#.#.#
♣♣.♣
..........#.#
♣♣.♣♣
..........#.#
♣♣...♣
..........#.#
♣....♣
.#...#..#(#o#
#....#
........#(#.#
#....##
#######.#)#.##
#...###
#.#..#####...#
#


You could see an orc priest (very poisoned), an adder and an orc.

Vanquished Creatures
  4 gnolls (D:2)
  An adder (D:2)
  3 dart slugs
  2 orcs (D:3)
  4 bats
  9 endoplasms
  A giant cockroach (D:2)
  A goblin (D:1)
  5 hobgoblins
  7 jackals (D:1)
  2 quokkas
  A ball python (D:2)
  2 frilled lizards
  2 kobolds
  5 rats
49 creatures vanquished.

Vanquished Creatures (others)
  A plant (D:1)
1 creature vanquished.

Grand Total: 50 creatures vanquished

Notes
Turn   | Place    | Note
-------+----------+-------------------------------------------
     0 | D:1      | SnakkuSnakku7 the Gnoll Brigand began the quest for the
                  | Orb.
     0 | D:1      | Reached XP level 1. HP: 20/20 MP: 1/1
    20 | D:1      | Found Nuemm's Jewellery Emporium.
    74 | D:1      | Reached XP level 2. HP: 21/26 MP: 2/2
   508 | D:1      | Reached XP level 3. HP: 27/31 MP: 3/3
  1251 | D:2      | You fall into a shaft and drop 1 floor!
  1305 | D:3      | Reached skill level 1 in Invocations
  1650 | D:2      | Reached skill level 1 in Long Blades
  1650 | D:2      | Reached skill level 1 in Axes
  1650 | D:2      | Reached skill level 1 in Maces & Flails
  1650 | D:2      | Reached skill level 1 in Polearms
  1650 | D:2      | Reached skill level 1 in Staves
  1650 | D:2      | Reached skill level 1 in Slings
  1650 | D:2      | Reached skill level 1 in Bows
  1650 | D:2      | Reached skill level 1 in Crossbows
  1650 | D:2      | Reached skill level 1 in Armour
  1650 | D:2      | Reached skill level 1 in Shields
  1650 | D:2      | Reached skill level 1 in Unarmed Combat
  1650 | D:2      | Reached skill level 1 in Spellcasting
  1650 | D:2      | Reached skill level 1 in Evocations
  1654 | D:2      | Reached XP level 4. HP: 30/38 MP: 5/5
  1818 | D:2      | Reached skill level 1 in Conjurations
  1818 | D:2      | Reached skill level 1 in Hexes
  1818 | D:2      | Reached skill level 1 in Summonings
  1818 | D:2      | Reached skill level 1 in Necromancy
  1818 | D:2      | Reached skill level 1 in Translocations
  1818 | D:2      | Reached skill level 1 in Transmutations
  1818 | D:2      | Reached skill level 1 in Fire Magic
  1818 | D:2      | Reached skill level 1 in Ice Magic
  1818 | D:2      | Reached skill level 1 in Air Magic
  1818 | D:2      | Reached skill level 1 in Earth Magic
  1818 | D:2      | Reached skill level 1 in Poison Magic
  2143 | D:3      | Found a runed translucent door.
  2144 | D:3      | Noticed Crazy Yiuf
  2332 | D:3      | Gained mutation: You have hidden genetic potential. [potion
                  | of mutation]
  2332 | D:3      | Gained mutation: You expend magic power (3 MP) to
                  | strengthen your wands. [potion of mutation]
  2334 | D:3      | Killed from afar by an orc priest

Illustrated notes

Levels and vault maps discovered:
D:1:      minmay_arrival_five_plusses, layout_basic, serial_shops,
          nicolae_diamond_shop, solitary_fountain, corexii_hall_statues_i,
          st_stairs_6, minmay_misc_feat_five, serial_bayou_lagoon_b
D:2:      layout_basic, nicolae_elevator_lobby_plus
D:3:      cheibrodos_pilgrimage, layout_basic,
          dilly_ecumenical_altar_fadedgnrine, kennysheep_decorative_pillar,
          corner_web_ring, uniq_crazy_yiuf_cottage

Skill      XL: |  1  2  3  4 |
---------------+-------------+-----
Invocations    | 1 |  1.4
Long Blades    | 1 |  1.2
Axes           | 1 |  1.2
Maces & Flails | 1 |  1.2
Polearms       | 1 |  1.2
Staves         | 1 |  1.2
Slings         | 1 |  1.2
Bows           | 1 |  1.2
Crossbows      | 1 |  1.2
Armour         | 1 |  1.2
Shields        | 1 |  1.2
Unarmed Combat | 1 |  1.2
Spellcasting   | 1 |  1.2
Evocations     | 1 |  1.2
Conjurations   | 1 |  1.0
Hexes          | 1 |  1.0
Summonings     | 1 |  1.0
Necromancy     | 1 |  1.0
Translocations | 1 |  1.0
Transmutations | 1 |  1.0
Fire Magic     | 1 |  1.0
Ice Magic      | 1 |  1.0
Air Magic      | 1 |  1.0
Earth Magic    | 1 |  1.0
Poison Magic   | 1 |  1.0
Fighting       | |  4.7
Short Blades   | |  4.7
Throwing       | |  4.7
Dodging        | |  2.8
Stealth        | |  7.9

Action                   |  1- 3 |  4- 6 || total
-------------------------+-------+-------++-------
Melee: Dagger            |   145 |    34 ||   179
       Bite              |    14 |     3 ||    17
Throw: Dart              |       |    17 ||    17
  Use: Potion            |       |     4 ||     4
 Stab: Sleeping          |     6 |       ||     6
Armor: Robe              |    26 |       ||    26
       Chain mail        |    14 |    20 ||    34
Dodge: Dodged            |    71 |    10 ||    81

Table legend: (Time is in decaauts)
 A = Elapsed time spent in this place.
 B = Non-inter-level travel time spent in this place.
 C = Inter-level travel time spent in this place.
 D = Time resting spent in this place.
 E = Time spent auto-exploring this place.
 F = Levels seen in this place.
 G = Mean time per level.
                   A        B        C        D        E       F      G
               +--------+--------+--------+--------+--------+-----+--------+
         Total |   2321 |   2220 |    101 |    308 |   1377 |   3 |  773.7 |
       Dungeon |   2321 |   2220 |    101 |    308 |   1377 |   3 |  773.7 |
               +--------+--------+--------+--------+--------+-----+--------+

Top non-repeatable levels by time:
     D:1: 1219 daAuts
     D:2: 745 daAuts
     D:3: 357 daAuts
